AoeStats
← Habadoon

Arena

510809507Analyzed
1v1 RM · 19h ago on Oct 2, 2026· 28m 57s· 2 players
Game mode
Random Map
Map size
Tiny (2 player)
Population
200
Speed
Normal
Resources
Standard
Victory
Conquest
Starting age
Dark Age
Ending age
Imperial Age
RankedLock teamsTeams togetherTeam positionsShared explorationLock speedFull tech treeHidden civsTurbo modeCheats
Victory
Defeat
🇮🇳 Celts · India
703
+14
🇦🇷 Shu · Argentina
662
-33
Habadoon
11:43 Feudal Age
15:38 Castle Age
13:54 Double-Bit Axe
13:52 Horse Collar
21:33 Town Watch
21:36 Loom
24:52 Town Patrol
25:16 Heavy Plow
27:36 Murder Holes
28:10 Bow Saw
28:40 Gambesons
28:56 Squires
28:42 Arson
Rathnawhale
1:04 Loom
10:28 Feudal Age
15:13 Castle Age
13:58 Horse Collar
16:33 Town Watch
17:15 Pikeman
21:32 Double-Bit Axe
25:13 Wheelbarrow
25:45 Scale Mail Armor
27:15 Heavy Plow
29:04 Stronghold
Connection lost

Rejoining the realm…

Still unreachable

The connection could not be restored.

Session expired

The server has moved on; the page needs a fresh start.